 Dungeon Sprint DCSS version 0.30-a0-1103-g25895a7845 (webtiles) character file.

Game seed: 6795230521011242965

28 PLAYERX the Stinger (level 3, 0/27 HPs)
             Began as a Gnoll Wanderer on Apr 18, 2023.
             Was an Initiate of Hepliaklqana.
             Slain by an ufetubus (2 damage)
             ... in the Dungeon (Sprint VII: "The Pits").
             The game lasted 00:03:56 (163 turns).

PLAYERX the Stinger (Gnoll Wanderer)                 Turns: 163, Time: 00:03:56

Health: 0/27       AC:  3    Str: 14    XL:     3   Next: 14%
Magic:  9/9        EV: 11    Int:  9    God:    Hepliaklqana [......]
Gold:   0          SH:  5    Dex: 12    Spells: 11/12 levels left

rFire   . . .      SeeInvis .    a - +2 trident
rCold   . . .      Faith    .    b - +0 buckler
rNeg    . . .      Spirit   .    d - +0 leather armour
rPois   .          Reflect  .    (no helmet)
rElec   .          Rampage  .    (no cloak)
rCorr   .          NoTele   +    (no gloves)
Will    .....                    (no boots)
Stlth   ++                       (no amulet)
HPRegen 0.24/turn                (no ring)
MPRegen 0.11/turn                (no ring)

@: no status effects
A: fangs 1, strong nose, distributed training
a: Renounce Religion


You were in the Dungeon.
You worshipped Hepliaklqana.
Hepliaklqana was noncommittal.
You visited 1 branch

Inventory:

Hand Weapons
 a - a +2 trident (weapon)
Armour
 b - a +0 buckler (worn)
 d - a +0 leather armour (worn)
Scrolls
 j - a scroll of blinking
 l - 5 scrolls of amnesia
 m - a scroll of butterflies
Potions
 c - a potion of lignification
 e - a potion of curing
 f - a potion of heal wounds
 g - a potion of haste
 h - 4 potions of magic
 i - 3 potions of berserk rage
 k - 2 potions of invisibility


   Skills:
 + Level 1.9 Fighting
 + Level 1.9 Short Blades
 + Level 1.9 Long Blades
 + Level 1.9 Axes
 + Level 1.9 Maces & Flails
 + Level 3.2 Polearms
 + Level 1.9 Staves
 + Level 1.9 Ranged Weapons
 + Level 1.9 Throwing
 + Level 1.9 Armour
 + Level 1.9 Dodging
 + Level 1.9 Stealth
 + Level 6.8 Shields
 + Level 1.9 Unarmed Combat
 + Level 5.3 Spellcasting
 + Level 1.5 Conjurations
 + Level 1.5 Hexes
 + Level 1.5 Summonings
 + Level 1.5 Necromancy
 + Level 1.5 Translocations
 + Level 1.5 Transmutations
 + Level 1.5 Fire Magic
 + Level 1.5 Ice Magic
 + Level 1.5 Air Magic
 + Level 1.5 Earth Magic
 + Level 7.3 Poison Magic
 + Level 2.1 Invocations
 + Level 1.9 Evocations


You had 11 spell levels left.
You knew the following spells:

 Your Spells              Type           Power      Damage    Failure   Level
a - Sting                 Tmut/Pois      40%        1d5       6%          1

Your spell library contained the following spells:

 Spells                   Type           Power      Damage    Failure   Level
 Spider Form              Tmut/Pois      10%        N/A       19%         3
 Olgreb's Toxic Radiance  Pois           15%        N/A       19%         4


Dungeon Overview and Level Annotations

Branches:
Dungeon (1/1)

Altars:
Ashenzari
Cheibriados
Dithmenos
Elyvilon
Fedhas
Gozag
Hepliaklqana
Kikubaaqudgha
Makhleb
Nemelex Xobeh
Okawaru
Qazlal
Ru
Sif Muna
Trog
Uskayaw
Vehumet
Wu Jian
Xom
Yredelemnul
Zin
The Shining One
Jiyva
Lugonu


Innate Abilities, Weirdness & Mutations

You have very sharp teeth.
Your uncanny sense of smell can sniff out nearby items.
Your experience applies equally to all skills.


Message History

You puncture the gnoll!
You kill the gnoll!
The bat hits you but does no damage. The jackal misses you.
Your Invocations skill increases to level 2!
You have reached level 3!
Your experience leads to an increase in your attributes!
Increase (S)trength, (I)ntelligence, or (D)exterity?
You feel stronger. x2
You hit the bat but do no damage.
The bat is heavily wounded.
The bat hits you but does no damage. The jackal barely misses you.
You hit the bat.
You kill the bat!
The jackal closely misses you. The jackal barely misses you.
You hit the jackal. You bite the jackal, but do no damage.
The jackal is moderately wounded.
You block the jackal's attack. The jackal closely misses you.
You miss the jackal.
The jackal is moderately wounded.
The jackal barely misses you.
You hit the jackal. Your bite misses the jackal.
The jackal is heavily wounded.
The jackal bites you.
* * * LOW HITPOINT WARNING * * *
The jackal barely misses you.
You barely miss the jackal.
The jackal is heavily wounded.
The jackal misses you. The jackal bites you.
* * * LOW HITPOINT WARNING * * *
You hit the jackal.
The jackal is almost dead.
The jackal misses you.
You puncture the jackal!
You kill the jackal!
The ufetubus closely misses you. The ufetubus hits you.
* * * LOW HITPOINT WARNING * * *
You closely miss the ufetubus. You bite the ufetubus.
The ufetubus is lightly wounded.
The ufetubus hits you.
You die...

##########'##.............
#.?(.')))'.##......#..#...
##########.##.............
#...........).............
#'#####'#####......#..#...
#.#∆∆#.))..##.............
#.#∆∆#####'#####'#####++##
#.#∆∆#.....##.......#
#.#∆∆#.†.@.##.......#
#.#∆∆###5####.......# #.#
.... #...<...# #.# .......
#.......#
#.#........##.......#
#+###########.......#
######### ∆∆∆∆


You could see an ufetubus.

Vanquished Creatures
  2 gnolls (D)
  An orc (D)
  A bat (D)
  A goblin (D)
  2 jackals (D)
  A frilled lizard (D)
  A giant cockroach zombie (D)
9 creatures vanquished.

Notes
Turn   | Place    | Note
-------+----------+-------------------------------------------
     0 | D        | PLAYERX the Gnoll Wanderer began the quest for the Orb.
     0 | D        | PLAYERX set off with the following items: a +0 spear, a +0
                  | buckler, a potion of lignification, a +0 leather armour, a
                  | potion of curing, a potion of heal wounds, a potion of
                  | haste, 2 potions of magic, a potion of berserk rage, a
                  | scroll of blinking; and the following spell memorised:
                  | Sting; and the following spells available to memorise:
                  | Olgreb's Toxic Radiance, Spider Form.
     0 | D        | Reached XP level 1. HP: 13/13 MP: 6/6
    66 | D        | Found a bloodstained altar of Trog.
    66 | D        | Found a shimmering blue altar of Sif Muna.
    66 | D        | Found a viscous altar of Jiyva.
    66 | D        | Found a hazy altar of Hepliaklqana.
    66 | D        | Found an opulent altar of Gozag.
    67 | D        | Found a glowing golden altar of the Shining One.
    67 | D        | Found a glowing silver altar of Zin.
    67 | D        | Found a basalt altar of Yredelemnul.
    67 | D        | Found a shimmering altar of Xom.
    67 | D        | Found an ornate altar of the Wu Jian Council.
    67 | D        | Found a sacrificial altar of Ru.
    67 | D        | Found a stormy altar of Qazlal.
    67 | D        | Found an iron altar of Okawaru.
    67 | D        | Found a sparkling altar of Nemelex Xobeh.
    67 | D        | Found a burning altar of Makhleb.
    67 | D        | Found a blossoming altar of Fedhas.
    67 | D        | Found a white marble altar of Elyvilon.
    67 | D        | Found a shadowy altar of Dithmenos.
    67 | D        | Found a snail-covered altar of Cheibriados.
    69 | D        | Found a radiant altar of Vehumet.
    69 | D        | Found a corrupted altar of Lugonu.
    70 | D        | Found a hide-covered altar of Uskayaw.
    70 | D        | Found an ancient bone altar of Kikubaaqudgha.
    70 | D        | Found a broken altar of Ashenzari.
    85 | D        | Became a worshipper of Hepliaklqana the Forgotten
    99 | D        | Reached skill level 5 in Spellcasting
   103 | D        | Reached skill level 1 in Fighting
   103 | D        | Reached skill level 1 in Short Blades
   103 | D        | Reached skill level 1 in Long Blades
   103 | D        | Reached skill level 1 in Axes
   103 | D        | Reached skill level 1 in Maces & Flails
   103 | D        | Reached skill level 1 in Staves
   103 | D        | Reached skill level 1 in Ranged Weapons
   103 | D        | Reached skill level 1 in Throwing
   103 | D        | Reached skill level 1 in Armour
   103 | D        | Reached skill level 1 in Dodging
   103 | D        | Reached skill level 1 in Stealth
   103 | D        | Reached skill level 1 in Unarmed Combat
   103 | D        | Reached skill level 1 in Conjurations
   103 | D        | Reached skill level 1 in Hexes
   103 | D        | Reached skill level 1 in Summonings
   103 | D        | Reached skill level 1 in Necromancy
   103 | D        | Reached skill level 1 in Translocations
   103 | D        | Reached skill level 1 in Transmutations
   103 | D        | Reached skill level 1 in Fire Magic
   103 | D        | Reached skill level 1 in Ice Magic
   103 | D        | Reached skill level 1 in Air Magic
   103 | D        | Reached skill level 1 in Earth Magic
   103 | D        | Reached skill level 1 in Invocations
   103 | D        | Reached skill level 1 in Evocations
   103 | D        | Reached XP level 2. HP: 21/21 MP: 8/8
   155 | D        | Reached XP level 3. HP: 6/27 MP: 9/9
   163 | D        | Slain by an ufetubus

Illustrated notes

Levels and vault maps discovered:
D:        pitsprint [storerooms_1, entrance_room_1, metal_vault_2, armoury_2,
          mini_pit_1, grid_room_1, main_hall_1, silver_pit, the_coven_1,
          the_vestibule_1, steel_vault_4, golden_pit, hallway_of_sentries,
          crystal_vault_4, iron_vault_2, final_vault]

Skill      XL: |  1  2 |
---------------+-------+-----
Spellcasting   | 5 |  5.3
Fighting       | 1 |  1.9
Short Blades   | 1 |  1.9
Long Blades    | 1 |  1.9
Axes           | 1 |  1.9
Maces & Flails | 1 |  1.9
Staves         | 1 |  1.9
Ranged Weapons | 1 |  1.9
Throwing       | 1 |  1.9
Armour         | 1 |  1.9
Dodging        | 1 |  1.9
Stealth        | 1 |  1.9
Unarmed Combat | 1 |  1.9
Conjurations   | 1 |  1.5
Hexes          | 1 |  1.5
Summonings     | 1 |  1.5
Necromancy     | 1 |  1.5
Translocations | 1 |  1.5
Transmutations | 1 |  1.5
Fire Magic     | 1 |  1.5
Ice Magic      | 1 |  1.5
Air Magic      | 1 |  1.5
Earth Magic    | 1 |  1.5
Invocations    | 1 2 |  2.1
Evocations     | 1 |  1.9
Polearms       | 3 |  3.2
Shields        | |  6.8
Poison Magic   | |  7.3

Action                     || total
---------------------------++-------
  Melee: Spear             ||     6
         Trident           ||    26
         Bite              ||     3
   Stab: Sleeping          ||     1
 Armour: Leather armour    ||     5
  Dodge: Dodged            ||    24
  Block: Buckler           ||     6

Table legend: (Time is in decaauts)
 A = Elapsed time spent in this place.
 B = Non-inter-level travel time spent in this place.
 C = Inter-level travel time spent in this place.
 D = Time resting spent in this place.
 E = Time spent auto-exploring this place.
 F = Levels seen in this place.
 G = Mean time per level.
                   A        B        C        D        E       F      G
               +--------+--------+--------+--------+--------+-----+--------+
         Total |    167 |    167 |      0 |      0 |      0 |   1 |  167.0 |
       Dungeon |    167 |    167 |      0 |      0 |      0 |   1 |  167.0 |
               +--------+--------+--------+--------+--------+-----+--------+

Top non-repeatable levels by time:
       D: 167 daAuts
